MLB
SAN DIEGO PADRES @ ARIZONA DIAMONDBACKS
09/29/2019
 
TOP OF THE 1ST
San Diego Padres batting - Pitching for Arizona Diamondbacks : LHP Max Fried
Pitching: LHP Max Fried
Batting: RHB Lorenzo Cain 0-0: Ball
1-0: Foul Ball, location: 2F
1-1: Ball
2-1: Foul Ball, location: 2F
2-2: Strikes out looking
Batting: RHB Jose Altuve 0-0: Called Strike
0-1: Foul Ball, location: 2F
0-2: Strikes out looking
Batting: RHB Mitch Haniger 0-0: Ball
1-0: Called Strike
1-1: Called Strike
1-2: Foul Ball, location: 2F
1-2: Ball
2-2: Foul Ball, location: 2F
2-2: Strikes out swinging
Top of the 1st over - 0 runs, 0 hits, 0 errors, 0 left on base; San Diego 0 - Arizona 0
BOTTOM OF THE 1ST
Arizona Diamondbacks batting - Pitching for San Diego Padres : RHP Spencer Turnbull
Pitching: RHP Spencer Turnbull
Batting: LHB Alex Verdugo 0-0: Fly out, F8 (Flyball, 8LM, EV 91.9 MPH)
Batting: RHB Zack Short 0-0: Ball
1-0: Called Strike
1-1: Ball
2-1: Ball
3-1: Called Strike
3-2: Strikes out looking
Batting: RHB Gleyber Torres 0-0: Ball
1-0: Swinging Strike
1-1: SINGLE (Groundball, 56D, EV 96.3 MPH)
Batting: LHB Ryan McMahon 0-0: Ball
Gleyber Torres steals 2nd base
1-0: Foul Ball, location: 2F
1-1: Called Strike
1-2: Fly out, F9 (Flyball, 9LSF, EV 91.9 MPH)
Bottom of the 1st over - 0 runs, 1 hit, 0 errors, 1 left on base; San Diego 0 - Arizona 0
TOP OF THE 2ND
San Diego Padres batting - Pitching for Arizona Diamondbacks : LHP Max Fried
Batting: RHB Hunter Renfroe 0-0: Swinging Strike
0-1: Ball
1-1: Swinging Strike
1-2: Strikes out looking
Batting: SHB Johan Camargo 0-0: Ball
1-0: Ball
2-0: Foul Ball, location: 2F
2-1: Ball
3-1: Base on Balls
Batting: SHB Carlos Santana 0-0: Ball
1-0: Swinging Strike
1-1: Foul Ball, location: 2F
1-2: Ball
2-2: 2-RUN HOME RUN (Flyball, 7D, EV 91.3 MPH), Distance : 360 ft
Batting: RHB Yadier Molina 0-0: Called Strike
0-1: Foul Ball, location: 2F
0-2: Foul Ball, location: 2F
0-2: Ball
1-2: Ball
2-2: Strikes out looking
Batting: RHB Spencer Turnbull 0-0: Called Strike
0-1: Ball
1-1: Ball
2-1: Called Strike
2-2: Foul Ball, location: 2F
2-2: Strikes out swinging
Top of the 2nd over - 2 runs, 1 hit, 0 errors, 0 left on base; San Diego 2 - Arizona 0
BOTTOM OF THE 2ND
Arizona Diamondbacks batting - Pitching for San Diego Padres : RHP Spencer Turnbull
Batting: SHB Francisco Mejia 0-0: Foul Ball, location: 2F
0-1: SINGLE (Line Drive, 56D, EV 95.0 MPH)
Batting: LHB Josh Reddick 0-0: Called Strike
0-1: Called Strike
0-2: Ball
1-2: Fly out, F7 (Flyball, 78D, EV 101.9 MPH)
Batting: LHB Jake Cave 0-0: Ball
Wild Pitch!
Francisco Mejia to second
1-0: Called Strike
1-1: Called Strike
1-2: Ball
2-2: Ball
3-2: Base on Balls
Batting: RHB Tim Beckham 0-0: Ball
1-0: Foul Ball, location: 2F
1-1: SINGLE (Line Drive, 8LS, EV 110.6 MPH)
Francisco Mejia to third
Jake Cave to second
Batting: LHB Max Fried 0-0: Swinging Strike
0-1: Foul Ball, location: 2F
0-2: GRAND SLAM HOME RUN (Flyball, 89XD, EV 103.1 MPH), Distance : 379 ft
Batting: LHB Alex Verdugo 0-0: Ball
1-0: Ball
2-0: Ball
3-0: Base on Balls
Batting: RHB Zack Short 0-0: Ball
Alex Verdugo steals 2nd base
1-0: Foul Ball, location: 2F
1-1: Ball
2-1: SINGLE (Line Drive, 89M, EV 98.1 MPH)
Alex Verdugo to third
Batting: RHB Gleyber Torres 0-0: Ball
1-0: Ball
2-0: Ball
3-0: Called Strike
3-1: Fly out, F8 (Flyball, 78D, EV 86.9 MPH)
Runner from 3rd tags up, SCORES, throw by CF
Batting: LHB Ryan McMahon 0-0: Ball
1-0: Foul Ball, location: 2F
1-1: DOUBLE (Line Drive, 78XD, EV 106.9 MPH)
Zack Short to third
Pitching: RHP Jose Leclerc
Batting: SHB Francisco Mejia 0-0: Ball
1-0: Ball
2-0: Called Strike
2-1: SINGLE (Groundball, 6D, EV 101.9 MPH)
Zack Short scores
Ryan McMahon to third
Batting: LHB Josh Reddick 0-0: Foul Ball, location: 2F
0-1: Foul Ball, location: 2F
0-2: Fly out, F8 (Line Drive, 8LM, EV 86.9 MPH)
Bottom of the 2nd over - 6 runs, 6 hits, 0 errors, 2 left on base; San Diego 2 - Arizona 6
TOP OF THE 3RD
San Diego Padres batting - Pitching for Arizona Diamondbacks : LHP Max Fried
Batting: RHB Amed Rosario 0-0: Called Strike
0-1: Called Strike
0-2: Ball
1-2: Ball
2-2: SINGLE (Groundball, 56D, EV 101.9 MPH)
Batting: RHB Lorenzo Cain 0-0: Ball
1-0: Grounds into double play, 6-4-3 (Groundball, 6, EV 84.4 MPH)
Batting: RHB Jose Altuve 0-0: Ball
1-0: Ball
2-0: Foul Ball, location: 2F
2-1: Ball
3-1: SOLO HOME RUN (Flyball, 78XD, EV 103.8 MPH), Distance : 400 ft
Batting: RHB Mitch Haniger 0-0: Ball
1-0: Ball
2-0: Foul Ball, location: 2F
2-1: Ball
3-1: Base on Balls
Batting: RHB Hunter Renfroe 0-0: Fly out, F9 (Flyball, 89S, EV 84.4 MPH)
Top of the 3rd over - 1 run, 2 hits, 0 errors, 1 left on base; San Diego 3 - Arizona 6
BOTTOM OF THE 3RD
Arizona Diamondbacks batting - Pitching for San Diego Padres : RHP Jose Leclerc
Batting: LHB Jake Cave 0-0: Called Strike
0-1: Called Strike
0-2: Foul Ball, location: 2F
0-2: Ball
1-2: Fly out, F8 (Flyball, 8LS, EV 85.0 MPH)
Batting: RHB Tim Beckham 0-0: SINGLE (Flyball, 9S, EV 85.6 MPH)
Batting: LHB Max Fried 0-0: Sac Bunt to P - play at first, batter OUT! 1-4
Tim Beckham to second
Batting: LHB Alex Verdugo 0-0: Ball
1-0: Called Strike
1-1: Fly out, F8 (Flyball, 8LS, EV 83.8 MPH)
Bottom of the 3rd over - 0 runs, 1 hit, 0 errors, 1 left on base; San Diego 3 - Arizona 6
TOP OF THE 4TH
San Diego Padres batting - Pitching for Arizona Diamondbacks : LHP Max Fried
Batting: SHB Johan Camargo 0-0: Called Strike
0-1: Fly out, F7 (Flyball, 7S, EV 88.1 MPH)
Batting: SHB Carlos Santana 0-0: SINGLE (Groundball, 6MD, EV 101.3 MPH)
Batting: RHB Yadier Molina 0-0: Called Strike
0-1: Fly out, F7 (Flyball, 7, EV 79.4 MPH)
Batting: RHB Jose Leclerc 0-0: Called Strike
0-1: Foul Ball, location: 2F
0-2: Foul Ball, location: 2F
0-2: Ball
1-2: Strikes out swinging
Top of the 4th over - 0 runs, 1 hit, 0 errors, 1 left on base; San Diego 3 - Arizona 6
BOTTOM OF THE 4TH
Arizona Diamondbacks batting - Pitching for San Diego Padres : RHP Jose Leclerc
Batting: RHB Zack Short 0-0: Ball
1-0: Foul Ball, location: 2F
1-1: Foul Ball, location: 2F
1-2: SINGLE (Line Drive, 9S, EV 104.4 MPH)
Batting: RHB Gleyber Torres 0-0: Swinging Strike
0-1: Ball
1-1: Ball
2-1: Ball
3-1: SINGLE (Line Drive, 56D, EV 98.1 MPH)
Zack Short to second
Batting: LHB Ryan McMahon 0-0: Called Strike
0-1: Called Strike
0-2: Strikes out swinging
Batting: SHB Francisco Mejia 0-0: Foul Ball, location: 2F
0-1: Ball
1-1: Ball
2-1: Ball
3-1: Called Strike
3-2: Base on Balls
Zack Short to third
Gleyber Torres to second
Pitching: RHP Hunter Strickland
Batting: LHB Josh Reddick 0-0: Ball
1-0: Ball
2-0: Called Strike
2-1: Ball
3-1: SINGLE (Line Drive, 78S, EV 96.9 MPH)
Zack Short scores
Gleyber Torres to third
Francisco Mejia to second
Batting: LHB Jake Cave 0-0: Ball
1-0: Called Strike
1-1: Fielders Choice at 2nd, 3-6 (Groundball, 34, EV 82.5 MPH)
Gleyber Torres scores
Francisco Mejia to third
Batting: RHB Tim Beckham 0-0: Ball
1-0: Called Strike
1-1: Foul Ball, location: 2F
1-2: Foul Ball, location: 2F
1-2: Fly out, F9 (Flyball, 9S, EV 87.5 MPH)
Bottom of the 4th over - 2 runs, 3 hits, 0 errors, 2 left on base; San Diego 3 - Arizona 8
TOP OF THE 5TH
San Diego Padres batting - Pitching for Arizona Diamondbacks : LHP Max Fried
Batting: RHB Amed Rosario 0-0: Called Strike
0-1: Called Strike
0-2: Strikes out swinging
Batting: RHB Lorenzo Cain 0-0: Ball
1-0: Called Strike
1-1: Ball
2-1: Foul Ball, location: 2F
2-2: Ground out 5-3 (Groundball, 56S, EV 83.8 MPH)
Batting: RHB Jose Altuve 0-0: SOLO HOME RUN (Flyball, 78XD, EV 102.5 MPH), Distance : 383 ft
Batting: RHB Mitch Haniger 0-0: Swinging Strike
0-1: Called Strike
0-2: Ball
1-2: Hit by Pitch
Batting: RHB Hunter Renfroe 0-0: SINGLE (Line Drive, 89M, EV 110.6 MPH)
Mitch Haniger to second
Batting: SHB Johan Camargo 0-0: Called Strike
0-1: Ball
1-1: Swinging Strike
1-2: Foul Ball, location: 2F
1-2: Ball
Wild Pitch!
Mitch Haniger to third
Hunter Renfroe to second
2-2: Strikes out looking
Top of the 5th over - 1 run, 2 hits, 0 errors, 2 left on base; San Diego 4 - Arizona 8
BOTTOM OF THE 5TH
Arizona Diamondbacks batting - Pitching for San Diego Padres : RHP Hunter Strickland
Pinch Hitting: LHB Socrates Brito 0-0: Ball
1-0: Swinging Strike
1-1: Swinging Strike
1-2: Ball
2-2: DOUBLE (Line Drive, 5D, EV 98.8 MPH)
Batting: LHB Alex Verdugo 0-0: Foul Ball, location: 2F
0-1: Ball
1-1: Called Strike
1-2: Ball
2-2: Foul Ball, location: 2F
2-2: Fly out, F9 (Flyball, 9LM, EV 93.1 MPH)
Runner from 2nd tags up, SAFE at 3rd, no throw by RF
Batting: RHB Zack Short 0-0: Swinging Strike
0-1: Ball
1-1: Ball
2-1: Ball
3-1: Called Strike
3-2: Base on Balls
Batting: RHB Gleyber Torres 0-0: Ball
1-0: Swinging Strike
1-1: Foul Ball, location: 2F
1-2: Strikes out swinging
Pitching: RHP Cam Bedrosian
Now in LF: Jose Pirela
Batting: LHB Ryan McMahon 0-0: Called Strike
0-1: Foul Ball, location: 2F
0-2: DOUBLE (Groundball, 3L, EV 100.6 MPH)
Socrates Brito scores
Zack Short to third
Runner from 3rd tries for Home, SAFE, throw by RF to trailing runner, SAFE at third!
Batting: SHB Francisco Mejia 0-0: Ball
1-0: Ball
2-0: Ball
3-0: Ground out 6-3 (Groundball, 6, EV 110.6 MPH)
Bottom of the 5th over - 2 runs, 2 hits, 0 errors, 1 left on base; San Diego 4 - Arizona 10
TOP OF THE 6TH
San Diego Padres batting - Pitching for Arizona Diamondbacks : LHP Max Fried
Pitching: RHP Dillon Tate
Batting: SHB Carlos Santana 0-0: Ball
1-0: Fly out, F7 (Flyball, 78M, EV 80.0 MPH)
Batting: RHB Yadier Molina 0-0: Foul Ball, location: 2F
0-1: Ball
1-1: Ball
2-1: Fly out, F7 (Flyball, 7D, EV 110.0 MPH)
Batting: RHB Jose Pirela 0-0: SINGLE (Groundball, 34D, EV 98.1 MPH)
Batting: RHB Amed Rosario 0-0: Called Strike
0-1: Foul Ball, location: 2F
0-2: Ball
1-2: DOUBLE (Line Drive, 9LS, EV 105.0 MPH)
Jose Pirela to third
Jose Pirela scores
Batting: RHB Lorenzo Cain 0-0: Ball
1-0: Called Strike
1-1: Ball
2-1: Foul Ball, location: 2F
2-2: Foul Ball, location: 2F
2-2: Fly out, F8 (Line Drive, 8RD, EV 91.9 MPH)
Top of the 6th over - 1 run, 2 hits, 0 errors, 1 left on base; San Diego 5 - Arizona 10
BOTTOM OF THE 6TH
Arizona Diamondbacks batting - Pitching for San Diego Padres : RHP Cam Bedrosian
Batting: LHB Josh Reddick 0-0: Ball
1-0: Fly out, F8 (Flyball, 8LS, EV 86.3 MPH)
Batting: LHB Jake Cave 0-0: Swinging Strike
0-1: Foul Ball, location: 2F
0-2: Strikes out looking
Batting: RHB Tim Beckham 0-0: Ground out 5-3 (Groundball, 56, EV 106.3 MPH)
Bottom of the 6th over - 0 runs, 0 hits, 0 errors, 0 left on base; San Diego 5 - Arizona 10
TOP OF THE 7TH
San Diego Padres batting - Pitching for Arizona Diamondbacks : RHP Dillon Tate
Batting: RHB Jose Altuve 0-0: Called Strike
0-1: Ground out 5-3 (Groundball, 5, EV 83.8 MPH)
Batting: RHB Mitch Haniger 0-0: Swinging Strike
0-1: Ball
1-1: Foul Ball, location: 2F
1-2: SINGLE (Line Drive, 7LS, EV 93.1 MPH)
Pinch Hitting: RHB Adam Duvall
Pitching: RHP J.B. Wendelken 0-0: Foul Ball, location: 2F
0-1: Ball
1-1: Called Strike
1-2: Strikes out looking
Batting: SHB Johan Camargo 0-0: Fly out, F8 (Flyball, 8RM, EV 86.3 MPH)
Top of the 7th over - 0 runs, 1 hit, 0 errors, 1 left on base; San Diego 5 - Arizona 10
BOTTOM OF THE 7TH
Arizona Diamondbacks batting - Pitching for San Diego Padres : RHP Cam Bedrosian
Pitching: RHP Luis A. Garcia
Pinch Hitting: LHB Tyler Wade 0-0: Called Strike
0-1: Swinging Strike
0-2: Ball
1-2: SINGLE (Line Drive, 78M, EV 91.9 MPH)
Batting: LHB Alex Verdugo 0-0: Foul Ball, location: 2F
0-1: Foul Ball, location: 2F
0-2: Strikes out swinging
Batting: RHB Zack Short 0-0: Ball
1-0: Ball
Tyler Wade steals 2nd base
2-0: Ball
3-0: Called Strike
3-1: Base on Balls
Pitching: LHP Scott Alexander
Batting: RHB Gleyber Torres 0-0: Ball
1-0: Swinging Strike
1-1: Foul Ball, location: 2F
1-2: Ball
2-2: Fly out, F8 (Flyball, 78D, EV 104.4 MPH)
Batting: LHB Ryan McMahon 0-0: Swinging Strike
0-1: Called Strike
0-2: Ball
1-2: Ground out 3-1 (Groundball, 34S, EV 79.4 MPH)
Bottom of the 7th over - 0 runs, 1 hit, 0 errors, 2 left on base; San Diego 5 - Arizona 10
TOP OF THE 8TH
San Diego Padres batting - Pitching for Arizona Diamondbacks : RHP J.B. Wendelken
Pitching: RHP Nick Gardewine
Batting: SHB Carlos Santana 0-0: Ground out 4-3 (Groundball, 4, EV 86.9 MPH)
Batting: RHB Yadier Molina 0-0: Called Strike
0-1: Ground out 6-3 (Groundball, 6, EV 101.3 MPH)
Batting: RHB Jose Pirela 0-0: Foul Ball, location: 2F
0-1: Ball
1-1: SINGLE (Line Drive, 8RS, EV 106.3 MPH)
Batting: RHB Amed Rosario 0-0: Called Strike
0-1: Ball
1-1: Ball
2-1: Foul Ball, location: 2F
2-2: Ball
3-2: SINGLE (Groundball, 4MD, EV 105.0 MPH)
Jose Pirela to second
Jose Pirela to third
Batting: RHB Lorenzo Cain 0-0: Foul Ball, location: 2F
0-1: Ball
1-1: Ball
2-1: Ball
3-1: Base on Balls
Amed Rosario to second
Batting: RHB Jose Altuve 0-0: Ball
1-0: Ball
2-0: Called Strike
2-1: Foul Ball, location: 2F
2-2: Ground out 1-3 (Groundball, 13, EV 67.5 MPH)
Top of the 8th over - 0 runs, 2 hits, 0 errors, 3 left on base; San Diego 5 - Arizona 10
BOTTOM OF THE 8TH
Arizona Diamondbacks batting - Pitching for San Diego Padres : LHP Scott Alexander
Batting: SHB Francisco Mejia 0-0: Ground out 4-3 (Groundball, 4, EV 83.8 MPH)
Batting: LHB Josh Reddick 0-0: Called Strike
0-1: Foul Ball, location: 2F
0-2: Strikes out swinging
Batting: LHB Jake Cave 0-0: Called Strike
0-1: Ball
1-1: Foul Ball, location: 2F
1-2: Ball
2-2: Foul Ball, location: 2F
2-2: Fly out, F7 (Flyball, 7D, EV 84.4 MPH)
Bottom of the 8th over - 0 runs, 0 hits, 0 errors, 0 left on base; San Diego 5 - Arizona 10
TOP OF THE 9TH
San Diego Padres batting - Pitching for Arizona Diamondbacks : RHP Nick Gardewine
Batting: RHB Mitch Haniger 0-0: Called Strike
0-1: SINGLE (Line Drive, 78M, EV 106.3 MPH)
Pinch Hitting: LHB Brad Miller 0-0: Ball
Wild Pitch!
Mitch Haniger to second
1-0: Ball
2-0: Foul Ball, location: 2F
2-1: Ball
3-1: Foul Ball, location: 2F
3-2: Base on Balls
Pitching: LHP Dan Jennings
Batting: SHB Johan Camargo 0-0: Called Strike
0-1: Ball
1-1: Swinging Strike
1-2: Ball
2-2: Ball
3-2: Foul Ball, location: 2F
3-2: Foul Ball, location: 2F
3-2: Foul Ball, location: 2F
3-2: Foul Ball, location: 2F
3-2: Grounds into double play, 4-6-3 (Groundball, 4M, EV 82.5 MPH)
Mitch Haniger to third
Batting: SHB Carlos Santana 0-0: Ball
1-0: Ball
2-0: Foul Ball, location: 2F
2-1: Ball
3-1: Called Strike
3-2: Base on Balls
Batting: RHB Yadier Molina 0-0: SINGLE (Groundball, 6MD, EV 95.0 MPH)
Mitch Haniger scores
Carlos Santana to second
Pitching: RHP Jandel Gustave
Batting: RHB Jose Pirela 0-0: Fly out, F9 (Line Drive, 9, EV 93.8 MPH)
Top of the 9th over - 1 run, 2 hits, 0 errors, 2 left on base; San Diego 6 - Arizona 10
Tuesday, January 7th, 2020 - OOTP Baseball 20.8 Build 73